 Dungeon Crawl Stone Soup version 0.22.0-38-g04b72b8c25 (webtiles) character file.

669 Freyura the Covert (level 7, -5/37 HPs)
             Began as a Spriggan Assassin on Aug 29, 2018.
             Splashed by a jelly's acid (7 damage)
             ... on level 5 of the Dungeon.
             The game lasted 00:15:03 (3603 turns).

Freyura the Covert (Spriggan Assassin)              Turns: 3603, Time: 00:15:05

Health: -5/37      AC: -12   Str:  7    XL:     7   Next: 32%
Magic:  8/8        EV: 22    Int: 13    God:
Gold:   36         SH:  0    Dex: 19    Spells: 6/6 levels left

rFire    + . .     SeeInvis +   a - +4 dagger
rCold    + . .     Gourm    .   (shield restricted)
rNeg     . . .     Faith    .   t - +0 robe {rC+}
rPois    .         Spirit   .   (helmet restricted)
rElec    .         Reflect  .   d - +1 cloak
rCorr    .         Harm     .   (gloves unavailable)
MR       +....                  (boots unavailable)
Stlth    +++++.....             q - amulet of regeneration
HPRegen  0.52/turn              w - ring of stealth
MPRegen  0.11/turn              v - ring of protection from fire

@: corroded, very quick
A: very small, unfitting armour, see invisible, herbivore, speed 3, slow
metabolism 2
a: no special abilities


You were on level 5 of the Dungeon.
You were full.

You visited 1 branch of the dungeon, and saw 5 of its levels.

You collected 228 gold pieces.
You spent 192 gold pieces at shops.

Inventory:

Hand Weapons
 a - a +4 dagger (weapon)
 b - a +0 blowgun
Missiles
 e - 34 poisoned needles
 f - 2 curare-tipped needles
Armour
 d - a +1 cloak (worn)
 t - a +0 robe of cold resistance (worn)
Jewellery
 o - a +4 ring of intelligence
 q - an amulet of regeneration (around neck)
 v - a ring of protection from fire (right hand)
 w - a ring of stealth (left hand)
Wands
 h - a wand of digging (9)
Scrolls
 c - a scroll of remove curse
 k - a scroll of identify
 r - 2 scrolls of teleportation
Potions
 i - a potion of berserk rage
 j - a potion of agility {unknown}
 l - a potion of heal wounds {unknown}
 m - a potion of magic {unknown}
 n - 2 potions of degeneration {unknown}
 p - 4 potions of curing {unknown}
 s - a potion of might {unknown}
Comestibles
 g - 9 rations


   Skills:
 + Level 3.6 Fighting
 + Level 4.8 Short Blades
 - Level 2.0 Throwing
 + Level 5.7 Dodging
 + Level 8.6 Stealth


You had 6 spell levels left.
You didn't know any spells.
Your spell library contained the following spells:

 Spells                   Type           Power        Failure   Level  Hunger
 Animate Skeleton         Necr           N/A          30%         1    ##.....
 Apportation              Tloc           #.....       30%         1    ##.....
 Confusing Touch          Hex            #.....       30%         1    ##.....
 Summon Small Mammal      Summ           #...         30%         1    ##.....


Dungeon Overview and Level Annotations

Branches:
Dungeon (5/15)
 Temple: D:4-7

Altars:
Yredelemnul

Shops:
D:4 =


Innate Abilities, Weirdness & Mutations

You are very small and have problems with some larger weapons.
You are too small for most types of armour.
You have supernaturally acute eyesight. (SInv)
You are a herbivore.
You cover ground extremely quickly.
You need to consume almost no food.


Message History

You hit the jelly but do no damage.
Your hands burn!
The jelly is severely wounded.
The jelly misses you.
You hit the jelly but do no damage.
Your hands burn!
The jelly is severely wounded.
The jelly hits you. The acid corrodes you!
You are splashed with acid!
The acid burns!
You hit the jelly but do no damage. The acid corrodes you!
Your hands burn!
The jelly is severely wounded.
The jelly closely misses you.
You hit the jelly.
Your hands burn!
* * * LOW HITPOINT WARNING * * *
The jelly is severely wounded.
You hit the jelly but do no damage.
Your hands burn!
* * * LOW HITPOINT WARNING * * *
The jelly is severely wounded.
The jelly hits you.
* * * LOW HITPOINT WARNING * * *
The acid corrodes you!
You are splashed with acid!
The acid burns!
You die...

............. .
.........#...#.
......#### #..#####.#
...##.# ........
.#....#######...# ##
...#............###..#
#....#########..?..#
##...........##..#....
#..#########. ##@# ..
..## #....J# ###
##...... .# #.........
.# #........... .#
#........... .#
##.........# .#
##...#...## .#


You could see a jelly.

Vanquished Creatures
  Sigmund (D:3)
  A phantom (D:4)
  An ogre (D:4)
  A centaur skeleton (D:5)
  2 orc priests
  3 orc wizards
  Ijyb (D:3)
  A worker ant (D:4)
  2 adders
  An ooze (D:1)
  4 worms (D:2)
  3 dart slugs
  5 leopard geckos
  8 orcs
  A ball python (D:4)
  6 bats
  4 giant cockroaches
  7 goblins
  8 hobgoblins
  3 jackals (D:2)
  13 kobolds
  2 quokkas
  7 frilled lizards
  A jackal skeleton (D:4)
  3 rats
89 creatures vanquished.

Notes
Turn   | Place    | Note
-------+----------+-------------------------------------------
     0 | D:1      | Freyura the Spriggan Assassin began the quest for the Orb.
     0 | D:1      | Reached XP level 1. HP: 10/10 MP: 2/2
    44 | D:1      | Reached skill level 6 in Stealth
    78 | D:1      | Reached XP level 2. HP: 9/15 MP: 3/3
   532 | D:1      | Reached XP level 3. HP: 18/18 MP: 4/4
  1680 | D:2      | Reached XP level 4. HP: 23/23 MP: 5/5
  2055 | D:3      | Noticed Ijyb
  2079 | D:3      | Killed Ijyb
  2214 | D:3      | Noticed Sigmund
  2216 | D:3      | Killed Sigmund
  2216 | D:3      | Reached skill level 7 in Stealth
  2216 | D:3      | Reached XP level 5. HP: 28/28 MP: 6/6
  2268 | D:3      | Reached XP level 6. HP: 26/32 MP: 7/7
  2894 | D:4      | Reached skill level 5 in Dodging
  2894 | D:4      | Reached skill level 8 in Stealth
  3104 | D:4      | Reached XP level 7. HP: 36/36 MP: 8/8
  3149 | D:4      | Found Ciusaips's Jewellery Boutique.
  3158 | D:4      | Bought an uncursed ring of stealth for 192 gold pieces
  3464 | D:5      | Entered Level 5 of the Dungeon
  3489 | D:5      | Found a basalt altar of Yredelemnul.
  3603 | D:5      | Splashed by a jelly's acid

Skill      XL: |  1  2  3  4  5  6 |
---------------+-------------------+-----
Dodging        | 2 3 4 5 |  5.7
Stealth        | 6 7 8 |  8.6
Fighting       | 2 3 |  3.6
Short Blades   | 3 4 |  4.8
Throwing       | |  2.0

Action                   |  1- 3 |  4- 6 |  7- 9 || total
-------------------------+-------+-------+-------++-------
Melee: Dagger            |   165 |   214 |    50 ||   429
  Use: Scroll            |       |    11 |     2 ||    13
 Stab: Sleeping          |    11 |    12 |       ||    23
  Eat: Ration            |       |     3 |       ||     3
Armor: Robe              |    16 |     4 |     3 ||    23
Dodge: Dodged            |    94 |   106 |    24 ||   224
